 Dungeon Crawl Stone Soup version 0.27.0-1-g7a089689b8 (webtiles) character file.

Game seed: 14179413339739895203

3293 Delamore the Slicer (level 10, -9/71 HPs)
             Began as an Octopode Brigand on Aug 6, 2021.
             Was an Initiate of Gozag.
             Killed from afar by a steam dragon (23 damage)
             ... with a ball of steam
             ... on level 6 of the Dungeon.
             The game lasted 00:07:55 (7470 turns).

Delamore the Slicer (Octopode Brigand)              Turns: 7470, Time: 00:07:56

Health: -9/71      AC:  1    Str: 10    XL:     10   Next: 1%
Magic:  10/10      EV: 17    Int: 13    God:    Gozag
Gold:   250        SH:  0    Dex: 18    Spells: 9/9 levels left

rFire    . . .     SeeInvis .   B - +4 rapier
rCold    . . .     Faith    .   (no shield)
rNeg     . . .     Spirit   .   (helmet restricted)
rPois    .         Reflect  .   (no amulet)
rElec    .         Harm     .   j - ring of wizardry
rCorr    .         Rampage  .   (no ring)
Will     .....                  (no ring)
Stlth    +++++.....             (no ring)
HPRegen  0.21/turn              (no ring)
MPRegen  0.12/turn              (no ring)
                                (no ring)
                                (no ring)

@: studying Slings
A: almost no armour, amphibious, 8 rings, camouflage 1, gelatinous body 1,
(nimble swimmer 1), tentacles
a: Renounce Religion, Potion Petition, Call Merchant, Bribe Branch


You were on level 6 of the Dungeon.
You worshipped Gozag.
Gozag was aware of your devotion.
You visited 1 branch of the dungeon, and saw 6 of its levels.

You collected 819 gold pieces.
You spent 554 gold pieces at shops.
You paid 15 gold pieces to Gozag.

Inventory:

Hand Weapons
 a - a +2 dagger
 B - a +4 rapier (weapon)
Missiles
 b - 42 poisoned darts
 c - a curare-tipped dart (quivered)
 k - a throwing net
 l - 23 boomerangs
Jewellery
 j - a ring of wizardry (left tentacle)
Wands
 r - a wand of iceblast (11)
 t - a wand of paralysis (9)
 y - a wand of mindburst (34)
Scrolls
 q - 3 scrolls of teleportation
 u - 3 scrolls of vulnerability
 w - 2 scrolls of torment
 x - a scroll of summoning
 z - a scroll of amnesia
 A - a scroll of immolation {unknown}
 C - a scroll of magic mapping
 D - a scroll of fog
Potions
 d - a potion of ambrosia
 e - a potion of heal wounds
 f - a potion of magic {unknown}
 g - 2 potions of attraction
 h - a potion of resistance
 i - a potion of berserk rage {unknown}
 m - 2 potions of haste {unknown}
 n - 2 potions of mutation {unknown}
 o - 4 potions of curing
 p - 2 potions of degeneration
 s - a potion of might {unknown}
 v - 2 potions of brilliance {unknown}


   Skills:
 - Level 7.3 Fighting
 + Level 10.4 Short Blades
 + Level 4.0 Throwing
 - Level 7.0 Dodging
 + Level 7.3 Stealth
 - Level 6.6 Evocations


You had 9 spell levels left.
You didn't know any spells.
Your spell library contained the following spells:

 Spells                   Type           Power      Damage    Failure   Level
 Sublimation of Blood     Necr           0%         N/A       19%         2
 Wereblood                Tmut           0%         N/A       19%         2
 Summon Hydra             Summ           0%         N/A       100%        7


Dungeon Overview and Level Annotations

Branches:
Dungeon (6/15)
 Temple: D:4-7

Altars:
Gozag
Qazlal

Shops:
D:2 *   D:3 ?!   D:4 ?


Innate Abilities, Weirdness & Mutations

You cannot wear most types of armour.
You are amphibious.
You can wear up to eight rings at the same time.
Your skin changes colour to match your surroundings (Stealth+).
Your rubbery body absorbs attacks. (AC +1, EV +1)
((You are camouflaged near water. (Stealth+)))
You have tentacles for arms and can constrict up to eight enemies at once.


Message History

The steam dragon breathes steam at you. The ball of steam hits you!
You hit the steam dragon but do no damage.
You are engulfed in a cloud of scalding steam.
The steam dragon bites you! The steam dragon claws you.
You hit the steam dragon.
The steam dragon is lightly wounded.
You are engulfed in a cloud of scalding steam.
* * * LOW HITPOINT WARNING * * *
You feel much better. The steam dragon bites you.
The steam dragon claws you but does no damage.
You hit the steam dragon.
The steam dragon is moderately wounded.
The steam dragon barely misses you. The steam dragon misses you.
Aiming: Paralyse
Press: ? - help, Shift-Dir - straight line, f - steam dragon
Aim: a steam dragon (moderately wounded, catching its breath, chance to affect: 66%)
The steam dragon struggles to resist.
The howler monkey hoots and howls with incredible vigour!
The steam dragon bites you. The steam dragon claws you.
You hear an angry hiss.
Aiming: Paralyse
Press: ? - help, Shift-Dir - straight line, f/p - steam dragon
Aim: a steam dragon (moderately wounded, chance to affect: 66%)
The steam dragon struggles to resist.
The steam dragon breathes steam at you. The ball of steam misses you.
Aiming: Paralyse
Press: ? - help, Shift-Dir - straight line, f/p - steam dragon
Aim: a steam dragon (moderately wounded, catching its breath, chance to affect: 66%)
The steam dragon struggles to resist.
You are engulfed in a cloud of scalding steam.
* * * LOW HITPOINT WARNING * * *
The howler monkey closely misses you. The steam dragon bites you.
* * * LOW HITPOINT WARNING * * *
The steam dragon barely misses you. The howler monkey closely misses you.
The steam dragon breathes steam at you. The ball of steam hits you!!
You die...
Your body crumbles into a pile of gold.

#............## #.#
##.###.........## #.##
###..###.....#....#
##.#
#####...###............
##.#
.............#.........
#####...
............###........
#.......
#..........>###........
...#####.
......#)...###§..#.....
. ## .##..####..#
##§@##.... # ######
#### #.§# .[..
##hD.....# $ ##..[...#
#...... $ ....#. ....#
....# .....


You could see a steam dragon (catching breath) and a howler monkey.

Vanquished Creatures
  A two-headed ogre (D:4)
  A steam dragon (D:6)
  Purgy (D:3)
  A black bear (D:5)
  2 ogres
  2 centaurs (D:6)
  2 phantoms
  3 scorpions
  A wyvern skeleton (D:5)
  A howler monkey (D:5)
  3 hounds (D:5)
  Crazy Yiuf (D:3)
  2 jellies (D:5)
  A centaur skeleton (D:5)
  Natasha (twice) (D:3)
  3 orc wizards
  A killer bee zombie (D:5)
  A hound zombie (D:5)
  A hound skeleton (D:5)
  5 gnolls
  9 adders
  2 ufetubi
  5 dart slugs
  14 orcs
  7 endoplasms
  A giant cockroach (D:1)
  7 goblins
  7 hobgoblins
  4 jackals (D:2)
  13 quokkas
  4 ball pythons
  A bat (D:2)
  A frilled lizard (D:3)
  9 kobolds
  7 rats
126 creatures vanquished.

Notes
Turn   | Place    | Note
-------+----------+-------------------------------------------
     0 | D:1      | Delamore the Octopode Brigand began the quest for the Orb.
     0 | D:1      | Reached XP level 1. HP: 14/14 MP: 1/1
    79 | D:1      | Reached XP level 2. HP: 19/19 MP: 2/2
   424 | D:1      | Found a faded altar of an unknown god.
   593 | D:1      | Reached XP level 3. HP: 25/25 MP: 3/3
   982 | D:2      | Reached skill level 3 in Short Blades
  1202 | D:2      | Reached XP level 4. HP: 16/30 MP: 4/4
  1467 | D:2      | Found an opulent altar of Gozag.
  1483 | D:2      | Became a worshipper of Gozag Ym Sagoz the Greedy
  1565 | D:2      | Found Kaludaergh's Assorted Antiques.
  1578 | D:2      | Bought a scroll labelled JISHUIGOGG for 20 gold pieces
  2378 | D:2      | Bought a metallic brown potion for 18 gold pieces
  2378 | D:2      | Bought a scroll labelled UHUCKO MIPAL for 20 gold pieces
  2378 | D:2      | Bought a dark potion for 18 gold pieces
  2422 | D:3      | Reached XP level 5. HP: 36/36 MP: 5/5
  2728 | D:3      | Reached skill level 4 in Short Blades
  2847 | D:3      | Found Paengeco's Distillery.
  3068 | D:2      | Bought a black potion for 18 gold pieces
  3196 | D:3      | Bought a potion of degeneration for 10 gold pieces
  3196 | D:3      | Bought a potion of curing for 30 gold pieces
  3196 | D:3      | Bought a potion of degeneration for 10 gold pieces
  3386 | D:3      | Found Seuhas's Magic Scroll Boutique.
  3395 | D:3      | Bought a scroll of identify for 22 gold pieces
  3414 | D:3      | Noticed Purgy
  3455 | D:3      | Killed Purgy
  3456 | D:3      | Reached XP level 6. HP: 11/42 MP: 6/6
  3844 | D:3      | Noticed Natasha
  3848 | D:3      | Killed Natasha
  3888 | D:3      | Found a runed translucent door.
  3889 | D:3      | Noticed Crazy Yiuf
  3939 | D:3      | Killed Crazy Yiuf
  4128 | D:4      | Reached skill level 5 in Short Blades
  4412 | D:4      | Noticed a two-headed ogre
  4422 | D:4      | Killed a two-headed ogre
  4423 | D:4      | Reached skill level 6 in Short Blades
  4423 | D:4      | Reached XP level 7. HP: 49/49 MP: 7/7
  4423 | D:4      | Reached XP level 8. HP: 54/54 MP: 8/8
  4515 | D:4      | Found Lunut's Magic Scroll Emporium.
  4523 | D:4      | Bought a scroll of identify for 26 gold pieces
  4523 | D:4      | Bought a scroll of identify for 26 gold pieces
  4523 | D:4      | Bought a scroll of identify for 26 gold pieces
  4523 | D:4      | Bought a scroll of identify for 26 gold pieces
  4527 | D:4      | Bought a scroll of identify for 26 gold pieces
  4663 | D:4      | Reached skill level 10 in Short Blades
  4663 | D:4      | Reached XP level 9. HP: 64/64 MP: 9/9
  4801 | D:5      | Entered Level 5 of the Dungeon
  6539 | D:2      | Bought a runed rapier for 140 gold pieces
  6539 | D:2      | Bought a wand of mindburst (23) for 80 gold pieces
  6770 | D:3      | Noticed Natasha
  6782 | D:3      | Killed Natasha
  6818 | D:3      | Bought a scroll of magic mapping for 38 gold pieces
  6884 | D:6      | Found a stormy altar of Qazlal.
  6892 | D:6      | Identified the +0 ring mail "Iguvepn" {Dex+3}
  7233 | D:6      | Reached XP level 10. HP: 35/71 MP: 10/10
  7470 | D:6      | Killed from afar by a steam dragon

Illustrated notes

Levels and vault maps discovered:
D:1:      wheals_arrival_shading, layout_rooms,
          shapermc_ecumenical_altar_pompeii
D:2:      layout_basic, serial_shops, nicolae_shop_window_shopping, basic_altar
D:3:      layout_loops_cross, serial_shops, nicolae_shop_statue_plus, shop,
          uniq_purgy, uniq_crazy_yiuf_cottage, uniq_natasha
D:4:      layout_loops_ring, serial_shops, nicolae_lakefront_shop,
          hangedman_decor_opposing
D:5:      kb_forest_paths, layout_rooms
D:6:      layout_layer_cave, nicolae_qazlal_scattered_showers,
          minmay_temple_entry_fiery, nrook_campfire, grunt_decor_cap,
          minmay_manual_mares

Skill      XL: |  1  2  3  4  5  6  7  8  9 |
---------------+----------------------------+-----
Short Blades   | 3 4 6 10 | 10.4
Dodging        | 2 3 4 7 |  7.0
Fighting       | 3 4 7 |  7.3
Evocations     | 2 6 |  6.6
Stealth        | 7 |  7.3
Throwing       | 4 |  4.0

Action                   |  1- 3 |  4- 6 |  7- 9 | 10-12 || total
-------------------------+-------+-------+-------+-------++-------
Melee: Dagger            |    84 |    88 |   158 |       ||   330
       Constrict         |    20 |    17 |    21 |       ||    58
       Tentacles         |    14 |    18 |    48 |       ||    80
       Rapier            |       |       |    44 |     6 ||    50
Throw: Dart              |       |     8 |     2 |       ||    10
       Throwing net      |       |     2 |       |       ||     2
       Boomerang         |       |       |     3 |       ||     3
Evoke: Wand              |       |     1 |       |     3 ||     4
  Use: Scroll            |     2 |     4 |     6 |     1 ||    13
       Potion            |       |       |     1 |     1 ||     2
 Stab: Sleeping          |     4 |    18 |     7 |       ||    29
       Held in net/web   |       |     1 |       |       ||     1
       Distracted        |       |     2 |     4 |       ||     6
       Paralysed         |       |     2 |       |       ||     2
Armor: Skin              |     3 |     3 |    10 |     1 ||    17
Dodge: Dodged            |    52 |    32 |   101 |     8 ||   193
